 Dungeon Crawl Stone Soup version 0.31.0-9-g3a7656b989 (webtiles) character file.

Game seed: 12333373001882246040

432 Gottschkopf the Covered (level 6, -4/56 HPs)
             Began as a Minotaur Fighter on Jan 28, 2024.
             Killed from afar by an orc wizard (10 damage)
             ... with a magic dart
             ... on level 6 of the Dungeon.
             The game lasted 00:07:13 (3204 turns).

Gottschkopf the Covered (Minotaur Fighter)          Turns: 3204, Time: 00:07:15

Health: -4/56      AC: 10    Str: 23    XL:     6   Next: 67%
Magic:  5/5        EV: 13    Int:  5    God:
Gold:   221        SH:  4    Dex:  9    Spells: 5/5 levels left

rFire   . . .        h - +3 spear
rCold   . . .        c - +0 buckler
rNeg    . . .        j - +0 chain mail
rPois   .            (helmet restricted)
rElec   .            (no cloak)
rCorr   .            (no gloves)
SInv    .            (no boots)
Will    .....        v - amulet of faith Stlth
                     y - +5 ring of evasion
HPRegen 0.29/turn    (no ring)
MPRegen 0.09/turn

%: faith
@: on fire, glowing
A: horns 2, retaliatory headbutt
a: no special abilities


You were on level 6 of the Dungeon.
You visited 1 branch of the dungeon, and saw 6 of its levels.

You collected 221 gold pieces.

Inventory:

Hand Weapons
 h - a +3 spear (weapon)
Armour
 c - a +0 buckler (worn)
 j - a +0 chain mail (worn)
 w - a +3 ring mail of poison resistance
Magical Staves
 f - a staff of fire
 C - a staff of alchemy
Jewellery
 u - a ring of ice
 v - an amulet of faith (around neck)
 y - a +5 ring of evasion (left hand)
Wands
 b - a wand of roots (14)
 x - a wand of flame (23)
Scrolls
 e - 2 scrolls of amnesia {unknown}
 i - a scroll of fear {unknown}
 k - a scroll of acquirement {unknown}
 l - 2 scrolls of revelation {unknown}
 m - a scroll of fog {unknown}
 o - 2 scrolls of butterflies {unknown}
 p - a scroll of enchant weapon {unknown}
 s - a scroll of blinking {unknown}
 t - a scroll of teleportation {unknown}
 z - a scroll of immolation {unknown}
 A - 2 scrolls of enchant armour {unknown}
 B - a scroll of poison {unknown}
 D - a scroll of noise {unknown}
 E - 2 scrolls of identify {unknown}
Potions
 a - 4 potions of attraction {unknown}
 d - 3 potions of might
 g - a potion of magic {unknown}
 n - a potion of haste {unknown}
 q - a potion of brilliance {unknown}
 r - a potion of berserk rage {unknown}


   Skills:
 + Level 5.4 Fighting
 - Level 2.4 Long Blades
 + Level 4.0 Polearms
 + Level 5.5 Armour
 + Level 2.9 Stealth
 - Level 3.6 Shields


You had 5 spell levels left.
You didn't know any spells.
Your spell library contained the following spells:

 Spells                   Type           Power      Damage    Failure   Level
 Magic Dart               Conj           0%         1d3       98%         1
 Slow                     Hex            0%         N/A       98%         1
 Blink                    Tloc           0%         N/A       99%         2
 Call Imp                 Summ           0%         N/A       99%         2
 Confusing Touch          Hex            0%         N/A       100%        3
 Sigil of Binding         Hex            0%         N/A       100%        3
 Vampiric Draining        Necr           0%         2d6       100%        3


Dungeon Overview and Level Annotations

Branches:
Dungeon (6/15)             Temple (0/1) D:4

Altars:
Gozag
Hepliaklqana
Ru
Trog

Shops:
D:3 [[[


Innate Abilities, Weirdness & Mutations

You have a pair of horns on your head.
You reflexively headbutt those who attack you in melee.


Message History

You hear some strange, mumbled words.
A magic dart appears from out of thin air!
The magic dart hits you.
Your Polearms skill increases to level 4!
You are too injured to fight recklessly!
You are too injured to fight recklessly!
You hit something but do no damage. The liquid fire burns you!
You block the white imp's attack.
You closely miss something. The liquid fire burns you!
Something hits you but does no damage. The white imp spits at you.
The white imp gestures at you. The puff of frost misses you.
You barely miss the white imp. You headbutt the white imp.
The white imp is lightly wounded.
The liquid fire burns you!
* * * LOW HITPOINT WARNING * * *
Something hits you.
* * * LOW HITPOINT WARNING * * *
The white imp closely misses you.
You hit the white imp. You headbutt the white imp.
You kill the white imp!
The liquid fire burns you!
* * * LOW HITPOINT WARNING * * *
You hear some strange, mumbled words.
A puff of flame appears from out of thin air!
The puff of flame hits you but does no damage.
You closely miss something. Your headbutt misses something.
The liquid fire burns you!
* * * LOW HITPOINT WARNING * * *
Something barely misses you.
You closely miss something. The liquid fire burns you!
* * * LOW HITPOINT WARNING * * *
You hear some strange, mumbled words.
A magic dart appears from out of thin air!
The magic dart hits you!
You die...

.... ...# ...
..# . # ..###..
... .......
###..###....$..
......{@.#
......†.......#
###$#######...#
# ###


There were no monsters in sight!

Vanquished Creatures
  Duvessa (D:4)
  Dowan (D:4)
  A bombardier beetle (D:6)
  A gnoll bouda (D:5)
  2 orc wizards (D:3)
  6 adders
  A white imp (D:6)
  A dart slug (D:1)
  12 orcs (D:3)
  4 bats
  5 endoplasms
  7 giant cockroaches
  8 hobgoblins
  6 jackals
  8 kobolds
  2 quokkas (D:1)
  9 ball pythons
  2 frilled lizards (D:2)
  12 goblins
  8 rats
97 creatures vanquished.

Notes
Turn   | Place    | Note
-------+----------+-------------------------------------------
     0 | D:1      | Gottschkopf the Minotaur Fighter began the quest for the
                  | Orb.
     0 | D:1      | Reached XP level 1. HP: 19/19 MP: 0/0
   169 | D:1      | Reached XP level 2. HP: 27/27 MP: 1/1
   209 | D:1      | Reached skill level 1 in Polearms
   726 | D:1      | Reached skill level 1 in Stealth
   726 | D:1      | Reached XP level 3. HP: 33/33 MP: 2/2
  1482 | D:2      | Found a bloodstained altar of Trog.
  1873 | D:2      | Reached XP level 4. HP: 36/40 MP: 3/3
  1967 | D:3      | Found a hazy altar of Hepliaklqana.
  1967 | D:3      | Found a bloodstained altar of Trog.
  1968 | D:3      | Found an opulent altar of Gozag.
  2019 | D:3      | Found Passapin's Antique Armour Emporium.
  2116 | D:3      | Found Xiemil's Antique Armour Shoppe.
  2216 | D:3      | Found Imuhio's Armour Boutique.
  2234 | D:3      | Reached XP level 5. HP: 44/47 MP: 4/4
  2479 | D:3      | Found a sacrificial altar of Ru.
  2642 | D:4      | Noticed Dowan
  2643 | D:4      | Noticed Duvessa
  2659 | D:4      | Killed Duvessa
  2660 | D:4      | Reached skill level 5 in Fighting
  2660 | D:4      | Reached skill level 5 in Armour
  2660 | D:4      | Reached XP level 6. HP: 56/56 MP: 5/5
  2674 | D:4      | Killed Dowan
  2833 | D:4      | Found a staircase to the Ecumenical Temple.
  3132 | D:5      | Entered Level 5 of the Dungeon
  3204 | D:6      | Killed from afar by an orc wizard

Illustrated notes

Levels and vault maps discovered:
D:1:      evilmike_arrival_hilbert_curve, layout_loops_corners
D:2:      layout_basic, basic_altar, minmay_goblin_kobold_house
D:3:      layout_basic, nicolae_ru_the_path_less_chosen,
          chequers_temple_overflow_statue_of_worship, serial_shops, shop, shop,
          nicolae_shop_tiny_real_fake_doors
D:4:      nicolae_BIG_FREAKIN_CUBE, layout_basic, uniq_duvessa
D:5:      layout_rooms, fountainhead, kennysheep_generic_room_7
D:6:      layout_loops_ring, lightli_orcish_oven

Skill      XL: |  1  2  3  4  5  6 |
---------------+-------------------+-----
Polearms       | 1 2 3 4 |  4.0
Armour         | 4 5 |  5.5
Fighting       | 4 5 |  5.4
Stealth        | 1 2 |  2.9
Long Blades    | |  2.4
Shields        | |  3.6

Action                     |  1- 3 |  4- 6 || total
---------------------------+-------+-------++-------
  Melee: Spear             |    91 |   158 ||   249
         Long sword        |     1 |       ||     1
         Headbutt          |     7 |    27 ||    34
 Armour: Scale mail        |     5 |       ||     5
         Chain mail        |    20 |    98 ||   118
  Dodge: Dodged            |    19 |    39 ||    58
  Block: Buckler           |    11 |    18 ||    29
